Map: Winter Madness LE

Players

HoldTheDoor

  • Race: Protoss Protoss
  • League: Diamond
  • Spawn Location: 11:00

Lurz - Winner!

  • Race: Zerg Zerg
  • League: Diamond
  • Spawn Location: 5:00

VOD

Have the link to the VOD?

Description

Time

  • Played on: May 18, 2026, 12:27 p.m.
  • Length: 13:02
Show
View Real Time Build Order
Export as new Build Order

HoldTheDoor Protoss 

Build Orders: 1 Gate Expand, Archon Immortal, Dark Templar Rush 

Get SALT Encoding   

  12  0:00  Probe  
  13  0:12  Probe  
  14  0:17  Pylon  
  14  0:23  Probe  
  15  0:31  Probe  
  15  0:40  Probe, Gateway  
  17  0:51  Probe  
  18  1:03  Probe  
  19  1:05  Assimilator  
  19  1:22  Nexus  
  19  1:30  Cybernetics Core  
  19  1:40  Probe  
  19  1:42  Pylon  
  19  1:45  Assimilator  
  20  1:52  Probe  
  21  1:54  Stalker  
  21  2:04  Probe  
  24  2:15  Gateway  
  24  2:20  Probe  
  25  2:28  Adept  
  27  2:32  Probe  
  28  2:37  Probe  
  29  2:44  Probe  
  29  2:45  Robotics Facility  
  29  2:49  Probe  
  31  2:53  Gateway  
  31  2:57  Probe  
  32  3:10  Twilight Council  
  32  3:11  Pylon  
  32  3:13  Probe  
  32  3:14  Probe  
  34  3:25  Probe  
  34  3:26  Probe  
  36  3:28  Assimilator  
  36  3:37  Probe, Warp Gate  
  36  3:38  Warp Prism, Probe  
  40  3:49  Probe  
  40  3:52  Dark Shrine  
  40  3:53  Pylon  
  41  3:58  Pylon  
  41  4:01  Probe x2  
  43  4:07  Pylon  
  43  4:11  Stalker  
  43  4:13  Probe  
  43  4:15  Adept  
  48  4:32  Probe x2  
  48  4:33  Pylon  
  48  4:36  Pylon  
  50  4:40  Immortal  
  50  4:41  Stalker  
  56  4:59  Pylon  
  56  5:05  Charge  
  56  5:06  Gateway  
  56  5:09  Gateway  
  56  5:12  Pylon  
  56  5:20  Immortal  
  60  5:28  Dark Templar x2  
  60  5:30  Dark Templar  
  66  5:38  Gateway  
  66  5:42  Gateway  
  60  6:00  Probe x2  
  60  6:02  Immortal  
  66  6:08  Forge  
  66  6:12  Probe  
  66  6:13  Zealot x3  
  66  6:14  Zealot x2  
  77  6:40  Nexus  
  77  6:41  Pylon  
  77  6:43  Pylon  
  77  6:46  Pylon  
  77  6:48  Protoss Ground Weapons Level 1, Dark Templar  
  77  6:49  Dark Templar  
  77  6:51  Pylon  
  77  6:53  Archon  
  81  6:56  Immortal  
  81  6:58  Probe  
  86  7:02  Photon Cannon  
  86  7:06  Photon Cannon  
  86  7:16  Zealot x3  
  86  7:22  Dark Templar  
  94  7:24  Dark Templar  
  94  7:28  Archon  
  96  7:31  Probe x2  
  96  7:32  Immortal  
  98  7:43  Probe  
  103  7:47  Photon Cannon  
  103  7:51  Photon Cannon  
  103  7:53  Pylon  
  103  8:03  Photon Cannon  
  103  8:06  Photon Cannon  
  103  8:09  Shield Battery  
  103  8:10  Pylon  
  103  8:14  Immortal  
  107  8:33  Zealot x6  
  119  8:46  Stalker  
  121  8:55  Stalker x2  
  123  8:56  Stalker x3  
  123  8:58  Stalker  
  119  9:13  Probe x2  
  119  9:14  Probe  
  119  9:17  Observer  
  123  9:25  Probe  
  123  9:30  Immortal  
  126  9:57  Zealot  
  128  10:11  Zealot  
  128  10:12  Zealot x5  
  129  10:31  Zealot  
  127  10:37  Probe  
  127  10:38  Probe  
  129  10:45  Probe  
  131  10:50  Probe x2  
  131  10:55  Protoss Ground Armor Level 1  
  132  10:57  Probe  
  132  11:02  Probe  
  134  11:06  Zealot x7  
  130  11:33  Zealot x5  
  130  11:34  Zealot x2  
  130  11:36  Probe x3  
  104  11:48  Probe  
  104  11:52  Photon Cannon  
  93  12:01  Zealot  
  93  12:02  Zealot x6  
  93  12:07  Immortal  
  109  12:11  Probe x3  
  112  12:23  Probe x2  
  114  12:30  Photon Cannon  
  114  12:35  Photon Cannon  
  114  12:36  Photon Cannon  
  113  12:37  Pylon  
  113  12:38  Photon Cannon  
  113  12:39  Pylon  
  113  12:40  Zealot  
  113  12:42  Pylon  
  87  12:56  Zealot  
  87  12:57  Zealot  
  87  12:58  Zealot  
Show
View Real Time Build Order
Export as new Build Order

Lurz Zerg - Winner!

Build Orders: Hatch First, Lurkers 

Get SALT Encoding   

  12  0:01  Drone  
  13  0:12  Overlord  
  13  0:16  Drone  
  14  0:31  Drone x2  
  16  0:48  Hatchery  
  15  0:50  Drone  
  15  0:53  Drone  
  17  0:57  Drone  
  18  1:11  Extractor  
  18  1:14  Spawning Pool  
  18  1:16  Drone  
  17  1:20  Drone  
  18  1:28  Drone  
  19  1:44  Drone  
  20  2:00  Queen  
  22  2:01  Queen  
  22  2:04  Drone x3  
  27  2:11  Overlord  
  27  2:15  Drone  
  28  2:26  Overlord  
  28  2:29  Drone  
  29  2:34  Drone  
  29  2:37  Drone  
  31  2:40  Hatchery  
  31  2:43  Drone  
  31  2:44  Drone  
  32  2:57  Drone x2  
  34  3:04  Metabolic Boost  
  34  3:11  Drone x8  
  42  3:18  Overlord  
  42  3:23  Drone  
  43  3:32  Roach Warren  
  43  3:33  Extractor  
  41  3:35  Extractor  
  41  3:40  Zergling x4  
  42  3:47  Drone x3  
  45  3:49  Drone x3  
  45  3:50  Evolution Chamber, Drone x2  
  45  3:51  Queen  
  51  3:58  Overlord  
  51  4:09  Drone x3  
  54  4:12  Lair  
  54  4:17  Drone x7  
  54  4:18  Drone  
  54  4:23  Spore Crawler  
  61  4:25  Spore Crawler, Zergling x4  
  61  4:29  Spore Crawler  
  61  4:37  Zergling x8  
  65  4:44  Spine Crawler  
  64  4:50  Roach  
  64  4:51  Overlord  
  64  4:52  Overlord  
  66  5:00  Overlord  
  66  5:13  Roach x8  
  82  5:17  Overlord  
  82  5:24  Glial Reconstitution  
  82  5:27  Zerg Ground Armor Level 1  
  81  5:29  Roach x3  
  87  5:38  Queen  
  87  5:39  Queen  
  87  5:42  Drone x6  
  96  6:02  Spore Crawler  
  96  6:03  Overlord x2  
  95  6:07  Extractor  
  94  6:12  Drone x3  
  97  6:21  Drone x4  
  97  6:22  Drone x2  
  103  6:30  Extractor, Hatchery  
  103  6:32  Hatchery  
  100  6:35  Hydralisk Den  
  100  6:36  Roach x7  
  113  6:43  Baneling Nest  
  112  6:51  Extractor  
  111  7:03  Evolution Chamber  
  111  7:06  Drone x4  
  111  7:07  Overlord x3  
  111  7:08  Overlord  
  114  7:16  Hatchery  
  114  7:19  Hatchery  
  114  7:21  Lurker Den  
  111  7:25  Infestation Pit  
  111  7:29  Drone x15  
  125  7:39  Baneling x11  
  125  7:45  Hydralisk  
  125  7:46  Hydralisk x5  
  137  7:51  Centrifugal Hooks  
  137  7:54  Zerg Missile Weapons Level 1  
  137  7:55  Zerg Ground Armor Level 2  
  137  8:18  Hatchery, Hive  
  136  8:20  Lurker x4  
  136  8:22  Overlord x2  
  139  8:29  Overlord  
  139  8:30  Zergling x24  
  139  8:31  Zergling x6  
  154  8:34  Lurker  
  155  8:50  Extractor  
  155  8:52  Extractor  
  155  8:53  Overseer x2  
  155  8:54  Spine Crawler  
  152  8:58  Zergling x42  
  173  9:09  Hydralisk x6  
  180  9:13  Lurker  
  179  9:46  Overlord x4  
  179  9:47  Overlord  
  166  10:08  Lurker x6  
  166  10:13  Hydralisk x7  
  175  10:27  Burrow  
  171  10:31  Seismic Spines  
  168  10:37  Zergling x38  
  168  10:38  Zergling x16  
  193  11:18  Hydralisk x7  
  181  11:45  Lurker  
  181  11:46  Lurker x3  
  178  11:48  Zergling x30  
  178  11:49  Zergling x14  
  189  12:19  Lurker  
  189  12:20  Lurker x4  
Tags
 
Add a new tag
Caveats
  • Supply blocks, unpowered buildings, or Contaminate may cause inaccurate times.
  • Supply counts are checked every 10 seconds.